 Dungeon Crawl Stone Soup version 0.22-a0-247-gbddf880757 (webtiles) character file.

6928 Peterchen the Severer (level 10, -9/77 HPs)
             Began as a Minotaur Berserker on Feb 24, 2018.
             Was a High Priest of Trog.
             Killed from afar by an electric eel (10 damage)
             ... with a bolt of electricity
             ... on level 10 of the Dungeon on Feb 25, 2018.
             The game lasted 00:23:18 (8795 turns).

Peterchen the Severer (Minotaur Berserker)          Turns: 8795, Time: 00:23:18

Health: -9/77      AC: 11    Str: 25    XL:     10   Next: 80%
Magic:  9/9        EV:  7    Int:  4    God:    Trog [*****.]
Gold:   281        SH:  0    Dex: 10    Spells: 9/9 levels left

rFire    . . .     SeeInvis .   u - +0 battleaxe
rCold    . . .     Gourm    .   (shield currently unavailable)
rNeg     . . .     Faith    .   v - +0 plate armour
rPois    +         Spirit   .   n - +0 hat
rElec    .         Reflect  .   (no cloak)
rCorr    .         Harm     .   (no gloves)
MR       .....                  (no boots)
Stlth    ..........             m - amulet of magic regeneration
HPRegen  0.22/turn              p - ring of poison resistance
MPRegen  0.36/turn              (no ring)

@: berserk cooldown, slowed, very slow
A: retaliatory headbutt, horns 2
a: Berserk, Trog's Hand, Brothers in Arms, Renounce Religion


You were on level 10 of the Dungeon.
You worshipped Trog.
Trog was extremely pleased with you.
You were not hungry.

You visited 1 branch of the dungeon, and saw 10 of its levels.
You also visited: Sewer.

You collected 437 gold pieces.
You spent 156 gold pieces at shops.

Inventory:

Hand Weapons
 u - a +0 battleaxe (weapon)
Missiles
 a - 6 tomahawks of returning (quivered)
Armour
 n - a +0 hat (worn)
 v - a +0 plate armour (worn)
Jewellery
 h - a cursed ring of loudness {unknown}
 m - an amulet of magic regeneration (around neck)
 p - a ring of poison resistance (left hand)
 y - an uncursed ring of protection from fire {unknown}
Wands
 q - a wand of acid (6)
 r - a wand of flame (16)
 w - a wand of paralysis (2)
 A - a wand of scattershot (4)
Scrolls
 b - a scroll of fog
 d - a scroll of immolation
 e - a scroll of enchant weapon
 g - a scroll of acquirement {unknown}
 i - 5 scrolls of remove curse
 o - 2 scrolls of magic mapping
 s - 7 scrolls of teleportation
Potions
 f - 2 potions of magic
 j - a potion of agility {unknown}
 k - 7 potions of curing
 l - a potion of flight {unknown}
 t - 2 potions of might {unknown}
 z - a potion of heal wounds
Comestibles
 c - 21 rations


   Skills:
 - Level 3.6 Fighting
 * Level 18.4 Axes
 - Level 2.4 Armour
 - Level 2.1 Dodging


You had 9 spell levels left.
You didn't know any spells.

Dungeon Overview and Level Annotations

Branches:
Dungeon (10/15)            Temple (0/1) D:6            Lair (0/6) D:8
    Orc: D:9-12

Altars:
Ashenzari
Cheibriados
Dithmenos
Gozag
Hepliaklqana
Makhleb
Nemelex Xobeh
Trog
Xom
Zin
The Shining One

Shops:
D:5 ?


Innate Abilities, Weirdness & Mutations

You reflexively headbutt those who attack you in melee.
You have a pair of horns on your head.


Message History

The orc warrior is heavily wounded.
You barely miss the orc warrior.
The orc warrior is heavily wounded.
The orc warrior barely misses you.
You barely miss the orc warrior.
The orc warrior is heavily wounded.
The orc wizard shouts!
You slice the orc warrior like a ripe choko!!!
You kill the orc warrior!
Trog accepts your kill.
You feel a strong urge to attack something.
The electric eel shoots out a bolt of lightning at you!
The bolt of electricity hits you!
* * * LOW HITPOINT WARNING * * *
You feel your anger nearly subside.
You are no longer berserk.
You are exhausted.
You feel yourself slow down.
The electric eel shoots out a bolt of lightning at you!
The bolt of electricity hits you!
You die...

#..#.).#.)..≈≈.o#######
#..##'##....≈8≈≈≈≈≈≈≈≈≈
#.....).....8≈≈≈≈;≈≈≈≈
#.........)o).........
#.######..........##.#
####.#....####..........#
#....#.......#......#####
#....#.......#......# #.
#....'.......#@.>...# #.
#....#.......#......# #.
#....##......#(.....# #.
#.....#......#......##########.
#.....#......#.................
#.....#......#.)...............
#.....########..#####...)..(...
#...............# #.....####.
#...############# #.....# #.


You could see an electric eel and an orc.

Vanquished Creatures
  The ghost of Peterchen the Severer, a novice MiBe of Trog (D:9)
  The ghost of Peterchen the Cleaver, a novice MiBe of Trog (D:7)
  Pikel (D:9)
  A troll (D:8)
  Grinder (D:4)
  3 hippogriffs
  A hungry ghost (D:8)
  Duvessa (D:4)
  2 sky beasts
  4 slaves (D:9)
  Purgy (Sewer)
  An ice beast (D:7)
  6 orc warriors
  2 phantoms
  An ogre (D:4)
  A wolf (D:8)
  3 centaurs
  3 big kobolds
  6 bullfrogs
  Dowan (D:4)
  A scorpion (D:5)
  5 wights (D:7)
  An electric eel (D:8)
  A howler monkey (D:5)
  A crimson imp (D:6)
  A bullfrog zombie (D:5)
  A centaur zombie (D:6)
  2 quasits
  9 orc priests
  7 hounds
  12 orc wizards
  A centaur skeleton (D:2)
  2 iguanas
  Natasha (thrice) (D:4)
  8 worker ants
  A hound zombie (D:10)
  A mummy (D:8)
  A hound skeleton (D:4)
  A howler monkey zombie (D:7)
  A worker ant zombie (D:5)
  6 gnolls
  8 adders
  4 shadow imps
  5 worms
  4 dart slugs
  3 leopard geckos
  36 orcs
  4 bats
  5 giant cockroaches
  8 goblins
  4 hobgoblins
  13 jackals
  13 kobolds
  4 quokkas
  6 ball pythons
  4 frilled lizards
  A leopard gecko zombie (D:8)
  9 rats
238 creatures vanquished.

Notes
Turn   | Place    | Note
-------+----------+-------------------------------------------
     0 | D:1      | Peterchen the Minotaur Berserker began the quest for the Orb.
     0 | D:1      | Reached XP level 1. HP: 19/19 MP: 0/0
   176 | D:1      | Reached skill level 4 in Axes
   594 | D:1      | Reached XP level 2. HP: 18/26 MP: 1/1
   943 | D:2      | Reached skill level 5 in Axes
   943 | D:2      | Reached XP level 3. HP: 22/31 MP: 2/2
  1264 | D:2      | Reached skill level 6 in Axes
  1264 | D:2      | Reached XP level 4. HP: 24/39 MP: 3/3
  1340 | D:2      | Found a glowing silver altar of Zin.
  1497 | D:2      | Found a shattered altar of Ashenzari.
  1996 | D:3      | Reached ** piety under Trog
  2044 | D:3      | Found a hazy altar of Hepliaklqana.
  2119 | D:3      | Reached XP level 5. HP: 40/45 MP: 4/4
  2434 | D:4      | Reached skill level 7 in Axes
  2486 | D:4      | Noticed an ogre
  2516 | D:4      | Killed an ogre
  2630 | D:4      | Noticed an orc warrior
  2637 | D:4      | Reached skill level 8 in Axes
  2637 | D:4      | Reached XP level 6. HP: 51/51 MP: 5/5
  2643 | D:4      | Killed an orc warrior
  2644 | D:4      | Reached skill level 9 in Axes
  2734 | D:4      | Noticed Duvessa
  2734 | D:4      | Noticed Dowan
  2744 | D:4      | Killed Duvessa
  2744 | D:4      | Reached XP level 7. HP: 57/57 MP: 6/6
  2747 | D:4      | Killed Dowan
  2784 | D:4      | Reached skill level 10 in Axes
  3030 | D:4      | Noticed Grinder
  3043 | D:4      | Killed Grinder
  3319 | D:4      | Noticed Natasha
  3328 | D:4      | Killed Natasha
  3350 | D:4      | Noticed Natasha
  3358 | D:4      | Killed Natasha
  3358 | D:4      | Reached skill level 11 in Axes
  3416 | D:4      | Noticed Natasha
  3420 | D:4      | Killed Natasha
  3461 | D:5      | Entered Level 5 of the Dungeon
  3507 | D:5      | Reached XP level 8. HP: 35/64 MP: 7/7
  3633 | D:5      | Found a glowing drain.
  3649 | Sewer    | Entered a sewer
  3701 | Sewer    | Noticed Purgy
  3720 | Sewer    | Killed Purgy
  3720 | Sewer    | Reached skill level 12 in Axes
  3870 | Sewer    | Reached *** piety under Trog
  3995 | D:5      | Found a shadowy altar of Dithmenos.
  4053 | D:5      | Found a glowing golden altar of the Shining One.
  4155 | D:5      | Found Isoymux's Magic Scroll Boutique.
  4160 | D:5      | Bought a scroll of identify for 26 gold pieces
  4160 | D:5      | Bought a scroll of teleportation for 39 gold pieces
  4160 | D:5      | Bought a scroll of teleportation for 39 gold pieces
  4160 | D:5      | Bought a scroll of identify for 26 gold pieces
  4160 | D:5      | Bought a scroll of identify for 26 gold pieces
  4330 | D:6      | Found a sparkling altar of Nemelex Xobeh.
  4353 | D:6      | Found a staircase to the Ecumenical Temple.
  4474 | D:6      | Reached skill level 13 in Axes
  5119 | D:7      | Reached XP level 9. HP: 62/70 MP: 8/8
  5181 | D:7      | Reached skill level 14 in Axes
  5224 | D:7      | Noticed Peterchen's ghost (novice MiBe)
  5224 | D:7      | Found an opulent altar of Gozag.
  5236 | D:7      | Killed Peterchen's ghost
  5236 | D:7      | Reached **** piety under Trog
  5236 | D:7      | Reached skill level 15 in Axes
  5642 | D:7      | Reached skill level 16 in Axes
  5807 | D:7      | Found a burning altar of Makhleb.
  5948 | D:8      | Noticed a troll
  5958 | D:8      | Killed a troll
  5958 | D:8      | Reached XP level 10. HP: 42/77 MP: 9/9
  6535 | D:8      | Found a staircase to the Lair.
  6915 | D:8      | Found a snail-covered altar of Cheibriados.
  7042 | D:8      | Reached skill level 17 in Axes
  7359 | D:8      | Noticed a moth of wrath
  7361 | D:8      | Found a bloodstained altar of Trog.
  7686 | D:9      | Found a shimmering altar of Xom.
  7686 | D:9      | Found a shimmering altar of Xom.
  7686 | D:9      | Found a shimmering altar of Xom.
  7686 | D:9      | Found a shimmering altar of Xom.
  7686 | D:9      | Found a shimmering altar of Xom.
  7686 | D:9      | Found a shimmering altar of Xom.
  7686 | D:9      | Found a shimmering altar of Xom.
  7771 | D:9      | Noticed Peterchen's ghost (novice MiBe)
  7775 | D:9      | Killed Peterchen's ghost
  7795 | D:9      | Found a burning altar of Makhleb.
  7804 | D:9      | Noticed Pikel
  7811 | D:9      | Paralysed by Pikel for 2 turns
  7826 | D:9      | Reached ***** piety under Trog
  7828 | D:9      | Killed Pikel
  8386 | D:10     | Entered Level 10 of the Dungeon
  8389 | D:10     | Reached skill level 18 in Axes
  8793 | D:10     | HP: 1/115 [electric eel/bolt of electricity (14)]
  8795 | D:10     | Killed from afar by an electric eel

Vault maps used:
D:1:      nagdon_arrival_double_spiral
D:2:      grunt_temple_overflow_open
D:3:      nicolae_overflow_crystal_walls, first_ration, minivault_4
D:4:      uniq_natasha, uniq_grinder, uniq_duvessa
D:5:      lemuel_coloured_pillars_altar, nicolae_overflow_hidden_temple,
          serial_shops, kennysheep_little_box, cheibrodos_sewer_entry_bend
D:6:      nemelex_xobeh_ov_fountains_minmay, minmay_temple_entry_glass
D:7:      old_standard_altar, kennysheep_mini
D:8:      slow_altar_2, tgw_trog, erik_lair_island
D:9:      basic_altar, blue_anna_alchemist, xom_shifter_show, uniq_pikel
D:10:     erik_orc_2, uniq_erica
Sewer:    sewer_co_purgy_island

Skill      XL: |  1  2  3  4  5  6  7  8  9 10 |
---------------+-------------------------------+-----
Axes           | 4 5 6 8 9 11 13 16 18 | 18.4
Fighting       | |  3.6
Armour         | |  2.4
Dodging        | |  2.1

Action                   |  1- 3 |  4- 6 |  7- 9 | 10-12 || total
-------------------------+-------+-------+-------+-------++-------
Melee: Hand axe          |    47 |    63 |   250 |       ||   360
       Headbutt          |     4 |    14 |    62 |    42 ||   122
       Battleaxe         |       |       |    59 |   218 ||   277
Throw: Tomahawk          |       |       |       |     2 ||     2
Invok: Berserk           |     1 |     3 |     6 |     4 ||    14
  Use: Scroll            |       |     2 |    10 |     2 ||    14
       Potion            |       |       |       |     1 ||     1
 Stab: Sleeping          |       |     1 |       |       ||     1
  Eat: Chunk             |     2 |     7 |    13 |     9 ||    31
       Ration            |       |       |     1 |     2 ||     3
Armor: Animal skin       |     2 |     8 |       |       ||    10
       Ring mail         |       |    10 |       |       ||    10
       Chain mail        |       |     2 |   118 |       ||   120
       Plate armour      |       |       |    39 |   128 ||   167
Dodge: Dodged            |    19 |    48 |    93 |    79 ||   239

Table legend:
 A = Spawn XP
 B = Non-spawn XP
 C = Spawn XP percentage of total XP
 D = Spawn monster count
 E = Non-spawn monster count
 F = Spawn count percentage of total count
 G = Total turns spent on level
                    A         B        C        D         E        F      G
               +---------+---------+-------+---------+---------+-------+---------
         Total |       0 |    9898 |   0.0 |       0 |     234 |   0.0 |  8795
               +---------+---------+-------+---------+---------+-------+---------
           D:1 |       0 |      19 |   0.0 |       0 |       8 |   0.0 |   865
           D:2 |       0 |     119 |   0.0 |       0 |      21 |   0.0 |   899
           D:3 |       0 |      61 |   0.0 |       0 |      18 |   0.0 |   669
           D:4 |       0 |    1088 |   0.0 |       0 |      17 |   0.0 |  1028
           D:5 |       0 |     571 |   0.0 |       0 |      24 |   0.0 |   543
           D:6 |       0 |     655 |   0.0 |       0 |      24 |   0.0 |   800
           D:7 |       0 |    2471 |   0.0 |       0 |      33 |   0.0 |   798
           D:8 |       0 |    1793 |   0.0 |       0 |      55 |   0.0 |  1523
           D:9 |       0 |    1981 |   0.0 |       0 |       8 |   0.0 |   977
          D:10 |       0 |     985 |   0.0 |       0 |      18 |   0.0 |   409
         Sewer |       0 |     155 |   0.0 |       0 |       8 |   0.0 |   284
               +---------+---------+-------+---------+---------+-------+---------
